 Dungeon Crawl Stone Soup version 0.31.0 (webtiles) character file.

Game seed: 4561244417811432492

979 qw the Skirmisher (level 8, -3/49 HPs)
             Began as a Gargoyle Hunter on Jan 20, 2024.
             Was a Follower of Okawaru.
             Slain by an ogre
             ... wielding a +0 giant spiked club
              (12 damage)
             ... on level 6 of the Dungeon.
             The game lasted 00:00:20 (4357 turns).

qw the Skirmisher (Gargoyle Hunter)                 Turns: 4357, Time: 00:00:21

Health: -3/49      AC: 13    Str: 16    XL:     8   Next: 17%
Magic:  10/10      EV: 11    Int:  9    God:    Okawaru [*.....]
Gold:   357        SH:  0    Dex: 20    Spells: 7/7 levels left

rFire   . . .        a - +1 shortbow
rCold   . . .        (shield currently unavailable)
rNeg    + + +        k - +0 ring mail
rPois   inf          (no helmet)
rElec   +            (no cloak)
rCorr   .            j - +1 pair of gloves
SInv    .            (no boots)
Will    .....        l - amulet "Taolen" {Faith -Cast rN+++ Dex+5}
Stlth   +            (no ring)
HPRegen 0.28/turn    (no ring)
MPRegen 0.12/turn

%: no spellcasting, faith
@: no status effects
A: sickness immunity, AC +5, negative energy resistance 1, electricity
resistance, torment resistance 1, petrification resistance
a: Renounce Religion, Heroism


You were on level 6 of the Dungeon.
You worshipped Okawaru.
Okawaru was aware of your devotion.
You visited 1 branch of the dungeon, and saw 6 of its levels.

You collected 357 gold pieces.


Innate Abilities, Weirdness & Mutations

You are immune to sickness and miasma.
Your stone body is resilient. (AC +5)
You are immune to poison.
You resist negative energy. (rN+)
You are resistant to electric shocks. (rElec)
You are resistant to unholy torment.
You are immune to petrification.


   Skills:
 - Level 5.0 Fighting
 + Level 8.2 Ranged Weapons
 - Level 2.0 Armour
 - Level 2.0 Dodging
 - Level 1.1 Stealth
 + Level 3.1 Invocations


You had 7 spell levels left.
You didn't know any spells.
Your spell library was empty.

Inventory:

Hand Weapons
 a - a +1 shortbow (weapon)
Armour
 j - a +1 pair of gloves (worn)
 k - a +0 ring mail (worn)
Jewellery
 c - a ring of protection from fire
 l - the amulet "Taolen" (around neck) {Faith -Cast rN+++ Dex+5}
   (You found it on level 5 of the Dungeon)

   [amulet of faith]

   Faith:     It allows you to gain divine favour quickly.
   Dex+5:     It affects your dexterity (+5).
   rN+++:     It renders you almost immune to negative energy.
   -Cast:     It prevents spellcasting.
Wands
 b - a wand of polymorph (8)
 h - a wand of acid (7)
Potions
 d - a potion of magic
 e - a potion of haste
 f - a potion of attraction {unknown}
 g - a potion of cancellation
 i - 2 potions of might

Dungeon Overview and Level Annotations

Branches:
Dungeon (6/15)             Temple (0/1) D:5

Altars:
Okawaru
Ru
Sif Muna
Zin
The Shining One

Shops:
D:3 [

Annotations:
D:3 2 transporters
D:5 1 transporter, qw's ghost, novice GrHu


Message History

You open the large door.
A wight and an ogre come into view.
The ogre shouts!
You shoot an arrow. The arrow hits the wight.
The wight is moderately damaged.
You shoot an arrow.
The arrow hits the wight but does no damage.
The wight is moderately damaged.
You shoot an arrow. The arrow hits the wight!
The wight is almost destroyed.
The wight hits you with a +2 mace!
You shoot an arrow. The arrow barely misses the wight.
The ogre hits you with a +0 giant spiked club!
The wight closely misses you.
You shoot an arrow.
The arrow hits the wight but does no damage.
The wight is almost destroyed.
The wight hits you with a +2 mace. The ogre closely misses you.
You shoot an arrow. The arrow hits the wight.
You destroy the wight!
Okawaru accepts your kill.
Your Invocations skill increases to level 3!
You shoot an arrow. The arrow completely misses the ogre.
The ogre misses you.
You shoot an arrow. The arrow hits the ogre.
The ogre is lightly wounded.
The ogre completely misses you.
You shoot an arrow.
The arrow hits the ogre but does no damage.
The ogre is lightly wounded.
The ogre hits you with a +0 giant spiked club!
You shoot an arrow. The arrow hits the ogre.
The ogre is moderately wounded.
You shoot an arrow. The arrow hits the ogre.
The ogre is heavily wounded.
The ogre hits you with a +0 giant spiked club!
You shoot an arrow. The arrow hits the ogre.
The ogre is severely wounded.
The ogre hits you with a +0 giant spiked club!
You die...

......###
........###
..........##
...........##
........##..##
......#####..##
...).## ##..##
.....##
##..####
##.8..##
##..@.#
.......# ###)O#
. .8.8......
.....
########..
...........
.#..#.#
........#
##.8.......
#..##..#
.......##
#.........
#..##..#
#........
#....#.#..
#.#..#.#
##........
#....._.
...#......#
#.<.......
....#.
...#######
##.........


You could see an ogre.

Vanquished Creatures
  A water moccasin (D:5)
  An ogre (D:5)
  4 scorpions
  A wight (D:6)
  2 jellies
  2 hounds
  A gnoll bouda (D:5)
  An orc priest (D:4)
  2 iguanas
  8 gnolls (D:5)
  11 adders
  3 ribbon worms
  4 dart slugs
  8 orcs
  3 endoplasms
  2 giant cockroaches
  6 hobgoblins
  3 jackals (D:4)
  10 kobolds
  2 quokkas (D:2)
  3 ball pythons
  14 bats
  3 frilled lizards
  3 goblins
  6 rats
104 creatures vanquished.

Notes
Turn   | Place    | Note
-------+----------+-------------------------------------------
     0 | D:1      | qw the Gargoyle Hunter began the quest for the Orb.
     0 | D:1      | Reached XP level 1. HP: 12/12 MP: 1/1
     0 | D:1      | 0 ||| qw: Version: 0.3-a-132-g3d54051
     0 | D:1      | 0 ||| qw: Game counter: 571
     0 | D:1      | 0 ||| qw: Melee chars always use a shield: true
     0 | D:1      | 0 ||| qw: God list: Okawaru
     0 | D:1      | 0 ||| qw: Allow faded altars: false
     0 | D:1      | 0 ||| qw: Do Orc after clearing Dungeon:15 true
     0 | D:1      | 0 ||| qw: Do second Lair branch before Depths: true
     0 | D:1      | 0 ||| qw: Lair rune preference: random
     0 | D:1      | 0 ||| qw: Goals: Normal
     0 | D:1      | 0 ||| PLANNING D:1-11
   185 | D:1      | Reached XP level 2. HP: 17/17 MP: 2/2
   610 | D:1      | 610 ||| READING scroll labelled HUPHOE WO NUEN.
   610 | D:1      | 610 ||| ENCHANTING +0 shortbow.
   611 | D:1      | 611 ||| READING scroll labelled ITOAVA MIOH.
   612 | D:1      | 612 ||| READING scroll labelled TEZXAC UJAMOA.
   612 | D:1      | 612 ||| IDENTIFYING pink potion
   613 | D:1      | 613 ||| DROPPING scroll of butterflies.
   684 | D:2      | Reached skill level 5 in Ranged Weapons
   684 | D:2      | Reached XP level 3. HP: 12/21 MP: 3/3
   684 | D:2      | 684 ||| FLEEEEING.
   754 | D:2      | 754 ||| FLEEEEING.
   911 | D:2      | Reached skill level 3 in Fighting
   972 | D:2      | Reached XP level 4. HP: 28/28 MP: 4/4
  1332 | D:2      | 1332 ||| READING 2 scrolls of identify.
  1332 | D:2      | 1332 ||| IDENTIFYING silvery potion
  1333 | D:2      | 1333 ||| READING scroll of identify.
  1333 | D:2      | 1333 ||| IDENTIFYING fizzy dark potion
  1334 | D:2      | 1334 ||| READING scroll labelled QOUDONUULIN.
  1586 | D:3      | Found a transporter.
  1586 | D:3      | Found Anty's Armour Emporium.
  1945 | D:3      | Found a transporter.
  1957 | D:3      | 1957 ||| UPGRADING to +0 pair of gloves.
  1962 | D:3      | 1962 ||| UPGRADING to +0 ring mail.
  1972 | D:3      | 1972 ||| DROPPING +0 leather armour.
  1973 | D:3      | 1973 ||| DROPPING +6 ring of intelligence.
  1974 | D:3      | 1974 ||| READING 2 scrolls of identify.
  1974 | D:3      | 1974 ||| IDENTIFYING 2 black potions
  1975 | D:3      | 1975 ||| READING scroll of identify.
  1975 | D:3      | 1975 ||| IDENTIFYING scroll labelled ESYS PIYD IFAU
  1976 | D:3      | 1976 ||| READING 2 scrolls labelled ONOXZEMUCU.
  1977 | D:3      | 1977 ||| FLEEEEING.
  2087 | D:3      | 2087 ||| READING scroll labelled ZAETEZUPEO.
  2088 | D:3      | 2088 ||| FLEEEEING.
  2092 | D:3      | 2092 ||| DROPPING scroll of revelation.
  2093 | D:3      | 2093 ||| DROPPING scroll of vulnerability.
  2167 | D:4      | Reached skill level 1 in Armour
  2167 | D:4      | Reached XP level 5. HP: 32/32 MP: 5/5
  2212 | D:4      | 2212 ||| FLEEEEING.
  2213 | D:4      | 2213 ||| FLEEEEING.
  2214 | D:4      | 2214 ||| FLEEEEING.
  2215 | D:4      | 2215 ||| FLEEEEING.
  2216 | D:4      | 2216 ||| FLEEEEING.
  2217 | D:4      | 2217 ||| FLEEEEING.
  2218 | D:4      | 2218 ||| FLEEEEING.
  2219 | D:4      | 2219 ||| FLEEEEING.
  2220 | D:4      | 2220 ||| FLEEEEING.
  2221 | D:4      | 2221 ||| FLEEEEING.
  2222 | D:4      | 2222 ||| FLEEEEING.
  2223 | D:4      | 2223 ||| FLEEEEING.
  2224 | D:4      | 2224 ||| FLEEEEING.
  2225 | D:4      | 2225 ||| FLEEEEING.
  2226 | D:4      | 2226 ||| FLEEEEING.
  2227 | D:4      | 2227 ||| FLEEEEING.
  2228 | D:4      | 2228 ||| FLEEEEING.
  2229 | D:4      | 2229 ||| FLEEEEING.
  2230 | D:4      | 2230 ||| STAIRDANCE
  2268 | D:3      | 2268 ||| READING scroll labelled EBEZUT JUNIHEB.
  2268 | D:3      | 2268 ||| ENCHANTING +0 pair of gloves.
  2277 | D:4      | 2277 ||| STAIRDANCE
  2287 | D:3      | 2287 ||| FLEEEEING.
  2325 | D:4      | 2325 ||| STAIRDANCE
  2331 | D:3      | 2331 ||| FLEEEEING.
  2390 | D:4      | Reached skill level 6 in Ranged Weapons
  2465 | D:4      | Reached XP level 6. HP: 33/38 MP: 6/6
  2466 | D:4      | 2466 ||| FLEEEEING.
  2632 | D:4      | Found a glowing golden altar of the Shining One.
  2680 | D:4      | Found an iron altar of Okawaru.
  2681 | D:4      | 2681 ||| PLANNING OKAWARU WORSHIP
  2681 | D:4      | 2681 ||| READING 2 scrolls labelled LIXAIN QECKU.
  2711 | D:4      | 2711 ||| DROPPING scroll of torment.
  2719 | D:4      | Became a worshipper of Warmaster Okawaru
  2720 | D:4      | 2720 ||| PLANNING D:1-11
  2790 | D:4      | Found a sacrificial altar of Ru.
  2845 | D:4      | 2845 ||| READING scroll labelled UJANOL CADOWKE.
  2862 | D:5      | Entered Level 5 of the Dungeon
  2955 | D:5      | Reached skill level 7 in Ranged Weapons
  2955 | D:5      | Reached XP level 7. HP: 43/43 MP: 7/7
  3007 | D:5      | Found a glowing silver altar of Zin.
  3061 | D:5      | Identified the amulet "Taolen" {Faith -Cast rN+++ Dex+5}
  3102 | D:5      | Found a staircase to the Ecumenical Temple.
  3167 | D:5      | Noticed qw's ghost (novice GrHu)
  3169 | D:5      | Found a transporter.
  3210 | D:5      | HP: 9/43 [water moccasin (2)]
  3211 | D:5      | 3211 ||| READING 2 scrolls of teleportation.
  3212 | D:5      | 3212 ||| DRINKING potion of heal wounds.
  3214 | D:5      | 3214 ||| FLEEEEING.
  3393 | D:5      | Reached skill level 8 in Ranged Weapons
  3396 | D:5      | 3396 ||| FLEEEEING.
  3509 | D:5      | Reached * piety under Okawaru
  3550 | D:5      | Reached skill level 1 in Invocations
  3550 | D:5      | 3550 ||| FLEEEEING.
  3695 | D:5      | 3695 ||| FLEEEEING.
  3903 | D:5      | Reached XP level 8. HP: 37/49 MP: 9/9
  3914 | D:5      | HP: 11/49 [gnoll/+0 halberd[a gnoll bouda] (5)]
  3915 | D:5      | 3915 ||| READING scroll of teleportation.
  3916 | D:5      | HP: 1/49 [gnoll/+0 halberd[a gnoll bouda] (10)]
  4144 | D:5      | 4144 ||| FLEEEEING.
  4148 | D:5      | 4148 ||| STAIRDANCE
  4151 | D:4      | 4151 ||| UPGRADING to amulet "Taolen" {Faith -Cast rN+++
                  | Dex+5}.
  4156 | D:4      | 4156 ||| READING scroll of identify.
  4156 | D:4      | 4156 ||| IDENTIFYING yellow potion
  4322 | D:6      | Found a shimmering blue altar of Sif Muna.
  4352 | D:6      | Reached skill level 3 in Invocations
  4356 | D:6      | HP: 9/49 [ogre/+0 giant spiked club (10)]
  4357 | D:6      | Slain by an ogre

Levels and vault maps discovered:
D:1:      minmay_arrival_four_houses, layout_basic
D:2:      layout_basic
D:3:      layout_basic, serial_shops, nicolae_shop_drivethru
D:4:      minmay_inner_zag, layout_rooms, okawaru_metal_pillars_1_2,
          mainiacjoe_overflow_small_starburst,
          mainiacjoe_overflow_surrounded_room
D:5:      old_forge, layout_layer_cave, zin_treasury,
          minmay_temple_entry_from_below_a, gammafunk_ghost_smash
D:6:      layout_cave_pods, lemuel_doored_altar, lemuel_crystal_altar,
          vehumet_crystals, nicolae_overflow_hidden_temple, serial_column_ruins,
          column_ruins_temple_hall, column_ruins_grid_1, column_ruins_columns_T,
          column_ruins_grid_1, column_ruins_grid_3, kennysheep_generic_room_15

Skill      XL: |  1  2  3  4  5  6  7  8 |
---------------+-------------------------+-----
Ranged Weapons | 5 6 7 8 |  8.2
Fighting       | 3 4 5 |  5.0
Armour         | 1 2 |  2.0
Invocations    | 2 3 |  3.1
Dodging        | 2 |  2.0
Stealth        | |  1.1

Action                     |  1- 3 |  4- 6 |  7- 9 || total
---------------------------+-------+-------+-------++-------
   Fire: Shortbow          |    94 |   145 |   206 ||   445
    Use: Scroll            |     3 |    10 |     3 ||    16
         Potion            |       |       |     1 ||     1
 Armour: Leather armour    |    19 |     8 |       ||    27
         Ring mail         |       |    38 |   143 ||   181
  Dodge: Dodged            |    25 |    57 |   106 ||   188

Table legend:
 A = Non-vault XP
 B = Vault XP
 C = Vault XP percentage of total XP
 D = Non-vault monster count
 E = Vault monster count
 F = Vault count percentage of total count
                 A         B        C        D         E       F
            +---------+---------+-------+---------+---------+-------
      Total |    1006 |     393 |  28.1 |      81 |      23 |  22.1
            +---------+---------+-------+---------+---------+-------
        D:1 |      25 |       0 |   0.0 |      14 |       0 |   0.0
        D:2 |      79 |       0 |   0.0 |      16 |       0 |   0.0
        D:3 |      47 |       0 |   0.0 |      17 |       0 |   0.0
        D:4 |     267 |      90 |  25.2 |      14 |       6 |  30.0
        D:5 |     548 |     231 |  29.7 |      19 |      16 |  45.7
        D:6 |      40 |      72 |  64.3 |       1 |       1 |  50.0
            +---------+---------+-------+---------+---------+-------
